AoeStats
← [PSCH] R!ce

African Clearing

506890004Analyzed
3v3 RM · 17d ago on Sep 15, 2026· 40m 51s· 6 players
Game mode
Random Map
Map size
Normal (6 player)
Population
200
Speed
Normal
Resources
Standard
Victory
Conquest
Starting age
Dark Age
Ending age
Imperial Age
RankedLock teamsTeams togetherTeam positionsShared explorationLock speedFull tech treeHidden civsTurbo modeCheats
Victory
Defeat
🇭🇺 Huns · Hungary
1532
+12
🇭🇺 Magyars · Hungary
1484
+14
🇭🇺 Khmer · Hungary
1327
+22
🇨🇭 Cumans · Switzerland
1497
-18
🇨🇭 Vietnamese · Switzerland
1444
-16
🇨🇭 Koreans · Switzerland
1395
-14
[PSCH] Reh
5:12 Loom
12:58 Feudal Age
19:42 Castle Age
18:01 Stone Mining
17:57 Double-Bit Axe
20:35 Bow Saw
23:05 Gold Mining
23:09 Horse Collar
25:38 Pikeman
33:38 Wheelbarrow
34:57 Heavy Plow
36:36 Padded Archer Armor
36:52 Scale Mail Armor
36:45 Fletching
38:48 Leather Archer Armor
38:31 Bodkin Arrow
39:37 Ballistics
39:44 Leather Archer Armor
39:44 Bloodlines
[PSCH] R!ce
11:48 Loom
13:33 Feudal Age
15:32 Double-Bit Axe
18:16 Castle Age
17:54 Fletching
19:01 Bodkin Arrow
19:36 Bow Saw
23:31 Ballistics
29:22 Padded Archer Armor
30:44 Husbandry
32:37 Bloodlines
36:45 Thumb Ring
37:46 Leather Archer Armor
39:32 Wheelbarrow
ChnebelSchnägg
2:59 Loom
13:18 Feudal Age
16:18 Double-Bit Axe
16:16 Horse Collar
18:14 Fletching
27:10 Castle Age
26:15 Gold Mining
29:52 Wheelbarrow
35:33 Bow Saw
38:20 Squires
38:22 Scale Mail Armor
Kiliander
9:32 Loom
12:40 Feudal Age
15:01 Double-Bit Axe
18:10 Castle Age
17:46 Horse Collar
18:45 Wheelbarrow
23:09 Light Cavalry
25:06 Bloodlines
25:27 Scale Barding Armor
25:50 Husbandry
27:25 Chain Barding Armor
27:16 Forging
38:21 Iron Casting
Mr Pizzaman
6:32 Loom
14:04 Feudal Age
20:46 Castle Age
20:20 Double-Bit Axe
20:17 Horse Collar
21:15 Fletching
witcherkiller
2:49 Loom
12:01 Feudal Age
12:19 Man-at-Arms
13:16 Arson
20:16 Castle Age
23:02 Town Watch
25:05 Fletching
35:54 Scale Barding Armor
38:17 Bloodlines
Connection lost

Rejoining the realm…

Still unreachable

The connection could not be restored.

Session expired

The server has moved on; the page needs a fresh start.